 Dungeon Crawl Stone Soup version 0.27-a0-1308-gc08437e49b (webtiles) character file.

Game seed: 4626297248204132964

58 senseless the Vexing (level 3, 20/20 HPs)
             Began as a Deep Elf Arcane Marksman on June 18, 2021.
             Quit the game on level 3 of the Dungeon.
             The game lasted 00:06:12 (2054 turns).

senseless the Vexing (Deep Elf Arcane Marksman)     Turns: 2054, Time: 00:06:12

Health: 20/20      AC:  2    Str:  7    XL:     3   Next: 76%
Magic:  8/8        EV: 13    Int: 17    God:
Gold:   121        SH:  0    Dex: 16    Spells: 6/7 levels left

rFire    . . .     SeeInvis .   (no weapon)
rCold    . . .     Faith    .   (no shield)
rNeg     . . .     Spirit   .   d - +0 robe
rPois    .         Reflect  .   (no helmet)
rElec    .         Harm     .   (no cloak)
rCorr    .         Rampage  .   (no gloves)
Will     .....                  (no boots)
Stlth    +.........             (no amulet)
HPRegen  0.06/turn              (no ring)
MPRegen  0.11/turn              (no ring)

@: no status effects
A: no striking features
a: no special abilities


You were on level 3 of the Dungeon.
You visited 1 branch of the dungeon, and saw 3 of its levels.

You collected 121 gold pieces.

Inventory:

Hand Weapons
 a - a +0 shortbow
Armour
 d - a +0 robe (worn)
Potions
 b - a potion of heal wounds
 f - a potion of might {unknown}
 g - 2 potions of invisibility
 i - a potion of curing {unknown}


   Skills:
 + Level 1.2 Fighting
 + Level 3.5 Bows
 + Level 3.0 Dodging
 + Level 2.5 Spellcasting
 + Level 4.8 Hexes


You had 6 spell levels left.
You knew the following spells:

 Your Spells              Type           Power      Damage    Failure   Level
a - Corona                Hex            20%        N/A       2%          1

Your spell library contained the following spells:

 Spells                   Type           Power      Damage    Failure   Level
 Slow                     Hex            18%        N/A       3%          2
 Magic Dart               Conj           8%         1d3       19%         1
 Dazzling Flash           Conj/Hex       20%        N/A       21%         3
 Inner Flame              Hex/Fire       10%        N/A       21%         3
 Portal Projectile        Hex/Tloc       20%        N/A       21%         3
 Cause Fear               Hex            9%         N/A       26%         4
 Searing Ray              Conj           4%         3d3       28%         2
 Fulminant Prism          Conj/Hex       5%         3d7       56%         4
 Leda's Liquefaction      Hex/Erth       5%         N/A       56%         4
 Iskenderun's Mystic Bla  Conj/Tloc      2%         2d3       88%         4


Dungeon Overview and Level Annotations

Branches:
Dungeon (3/15)

Altars:
Dithmenos


Message History

The orc stops glowing.
The bat hits you but does no damage. The bat misses you.
The orc hits you but does no damage.
c - 2 arrows (gained 1)
The bat completely misses you. The bat closely misses you. The orc misses you.
Unknown command.
You shoot an arrow. The arrow barely misses the orc.
The arrow hits the quokka but does no damage.
The bat closely misses you. The orc hits you but does no damage.
You shoot an arrow. The arrow closely misses the orc.
The arrow hits the quokka.
The quokka is severely wounded.
The bat closely misses you. The orc hits you but does no damage.
As you read the scroll labelled AROKICAT QASAK, it crumbles to dust.
It is a scroll of identify.
g - 2 potions of invisibility The bat closely misses you.
The bat hits you but does no damage. The orc closely misses you.
As you read the scroll of identify, it crumbles to dust.
b - a potion of heal wounds The bat barely misses you.
The orc misses you.
As you read the scroll labelled CEUJEE ZOAXI, it crumbles to dust.
You feel strangely unstable.
It was a scroll of teleportation.
The bat misses you. The bat closely misses you.
The orc hits you with a +0 dagger.
You are now empty-handed.
The bat barely misses you.
You barely miss the orc.
The orc is heavily wounded.
The bat barely misses you. The orc hits you with a +0 dagger.
You hit the orc but do no damage.
The orc is heavily wounded.
Your surroundings suddenly seem different.
You start resting.
HP restored.
There is a stone staircase leading up here.
There is a stone staircase leading down here.
Found a stone staircase leading up.
You pick up a book of Conjurations and begin reading...
You add the spells Magic Dart, Searing Ray, Dazzling Flash, Fulminant Prism and Iskenderun's Mystic Blast to your library.
Okay, then.
Are you sure you want to abandon this character and quit the game? (Confirm with "yes".)

###.......# #(## ##
..........# #..## ##.
#.........#####...####..
.....................+..
#.....<....#.......###..
#.........#.<......###.
#.........#........# ##
#.##...####........# #
#..@# #........# #...#
#........# #####
#......>## ######.####
#.......# # #.##.##.# #
#.##.##.# # #.##.##.###
#.##.......


There were no monsters in sight!

Vanquished Creatures
  An adder (D:3)
  3 dart slugs
  An orc (D:3)
  2 endoplasms
  A giant cockroach (D:2)
  3 goblins
  4 hobgoblins
  6 ball pythons
  6 bats
  3 frilled lizards
  7 kobolds
  7 rats
44 creatures vanquished.

Notes
Turn   | Place    | Note
-------+----------+-------------------------------------------
     0 | D:1      | senseless the Deep Elf Arcane Marksman began the quest for
                  | the Orb.
     0 | D:1      | Reached XP level 1. HP: 11/11 MP: 5/5
   253 | D:1      | Reached XP level 2. HP: 16/16 MP: 6/6
   718 | D:1      | Found a faded altar of an unknown god.
   750 | D:2      | Reached skill level 1 in Fighting
   876 | D:2      | Reached XP level 3. HP: 20/20 MP: 8/8
  1166 | D:2      | Found a shadowy altar of Dithmenos.
  2054 | D:3      | Quit the game

Illustrated notes

Levels and vault maps discovered:
D:1:      dpeg_arrival_connections, layout_rooms, serial_corexii_hall,
          corexii_hall_statues_t, chequers_hall_statues_y,
          corexii_hall_statues_x, corexii_hall_statues_l,
          hellmonk_ecumenical_altar_leap_of_faith
D:2:      layout_basic, basic_altar, minmay_quadrilaterals
D:3:      layout_loops_corners, general_overflow_altar, dk_vineyard_1

Skill      XL: |  1  2  3 |
---------------+----------+-----
Bows           | 3 |  3.5
Fighting       | 1 |  1.2
Spellcasting   | 2 |  2.5
Dodging        | 3 |  3.0
Hexes          | |  4.8

Action                   || total
-------------------------++-------
Melee: Unarmed           ||     2
 Fire: Shortbow          ||   112
 Cast: Corona            ||    17
  Use: Scroll            ||     4
Armor: Robe              ||    11
Dodge: Dodged            ||    28

Table legend: (Time is in decaauts)
 A = Elapsed time spent in this place.
 B = Non-inter-level travel time spent in this place.
 C = Inter-level travel time spent in this place.
 D = Time resting spent in this place.
 E = Time spent auto-exploring this place.
 F = Levels seen in this place.
 G = Mean time per level.
                   A        B        C        D        E       F      G
               +--------+--------+--------+--------+--------+-----+--------+
         Total |   2068 |   2036 |     32 |    138 |   1649 |   3 |  689.3 |
       Dungeon |   2068 |   2036 |     32 |    138 |   1649 |   3 |  689.3 |
               +--------+--------+--------+--------+--------+-----+--------+

Top non-repeatable levels by time:
     D:1: 750 daAuts
     D:2: 701 daAuts
     D:3: 616 daAuts
